 Dungeon Crawl Stone Soup version 0.28.0-53-g5a82cb258f (webtiles) character file.

Game seed: 7800916191893836651

618 PhantomBowie the Skirmisher (level 7, -1/78 HPs)
             Began as an Ogre Berserker on June 15, 2022.
             Was a Believer of Trog.
             Slain by a scorpion (4 damage)
             ... on level 5 of the Dungeon.
             The game lasted 00:11:46 (5517 turns).

PhantomBowie the Skirmisher (Ogre Berserker)        Turns: 5517, Time: 00:11:47

Health: -1/78      AC:  3    Str: 24    XL:     7   Next: 45%
Magic:  7/7        EV: 10    Int:  8    God:    Trog [**....]
Gold:   161        SH:  0    Dex:  8    Spells: 6/6 levels left

rFire   + . .      SeeInvis .   a - +0 hand axe
rCold   . . .      Faith    .   (no shield)
rNeg    . . .      Spirit   .   b - +0 animal skin
rPois   .          Reflect  .   (helmet restricted)
rElec   .          Harm     .   (no cloak)
rCorr   .          Rampage  .   (gloves unavailable)
Will    +....                   (boots unavailable)
Stlth   +.........              (no amulet)
HPRegen 0.23/turn               j - ring of willpower
MPRegen 0.10/turn               l - ring of protection from fire

@: lethally poisoned (-1 -> -14)
A: large, unfitting armour, tough skin 1
a: Renounce Religion, Berserk, Trog's Hand


You were on level 5 of the Dungeon.
You worshipped Trog.
Trog was pleased with you.
You visited 1 branch of the dungeon, and saw 5 of its levels.

You collected 161 gold pieces.

Inventory:

Hand Weapons
 a - a +0 hand axe (weapon)
 s - the +1 whip of Isecopod {vorpal, Int+3}
   (You found it on level 3 of the Dungeon)

   It inflicts extra damage upon your enemies.
   Int:       It affects your intelligence (+3).
Missiles
 o - 11 poisoned darts (quivered)
 u - 2 javelins
Armour
 b - a +0 animal skin (worn)
Jewellery
 j - a ring of willpower (left hand)
 l - a ring of protection from fire (right hand)
 r - a ring of flight
Wands
 y - a wand of digging (2)
Scrolls
 c - 4 scrolls of identify {unknown}
 d - a scroll of acquirement {unknown}
 f - 4 scrolls of fear {unknown}
 h - a scroll of amnesia {unknown}
 k - 2 scrolls of enchant weapon {unknown}
 p - a scroll of torment {unknown}
 q - 2 scrolls of fog {unknown}
 v - a scroll of vulnerability {unknown}
 w - 3 scrolls of enchant armour {unknown}
 x - a scroll of teleportation {unknown}
Potions
 e - a potion of lignification {unknown}
 g - a potion of ambrosia {unknown}
 i - 3 potions of curing
 m - a potion of heal wounds {unknown}
 n - 3 potions of cancellation {unknown}
 t - a potion of attraction {unknown}
 z - a potion of flight {unknown}
 A - 2 potions of might {unknown}


   Skills:
 + Level 7.1 Fighting
 + Level 5.4 Axes
 + Level 4.9 Dodging


You had 6 spell levels left.
You didn't know any spells.
Your spell library was empty.

Dungeon Overview and Level Annotations

Branches:
Dungeon (5/15)
 Temple: D:4-7

Altars:
Sif Muna


Innate Abilities, Weirdness & Mutations

You are too large for most types of armour.
You have tough skin. (AC +1)


Message History

The scorpion is moderately wounded.
You feel very sick.
The scorpion stings you but does no damage.
You hit the scorpion.
The scorpion is moderately wounded.
You feel very sick. The scorpion stings you.
You completely miss the scorpion.
The scorpion is moderately wounded.
You feel sick. The scorpion misses you.
You hit the scorpion.
The scorpion is heavily wounded.
You feel sick. The scorpion closely misses you. The scorpion stings you.
You are more poisoned.
The scorpion poisons you!
You hit the scorpion but do no damage.
The scorpion is heavily wounded.
You feel very sick. The scorpion stings you.
You fail to use your ability.
You feel very sick. The scorpion stings you.
You hit the scorpion but do no damage.
The scorpion is heavily wounded.
You feel sick. The scorpion stings you.
* * * LOW HITPOINT WARNING * * *
You are lethally poisoned!
The scorpion poisons you!
You hit the scorpion but do no damage.
The scorpion is heavily wounded.
* * * LOW HITPOINT WARNING * * *
You feel very sick. The scorpion stings you!
* * * LOW HITPOINT WARNING * * *
You hit the scorpion but do no damage.
The scorpion is heavily wounded.
* * * LOW HITPOINT WARNING * * *
You feel very sick. The scorpion stings you.
You die...

.... ..... ..
#... #...# ...
##...##...##...
#......?.......
#..............
#..............
#..............
#....<.@..#
#######.s.#
#...# #.....
+.......
#........
#########


You could see a scorpion.

Vanquished Creatures
  Duvessa (D:4)
  A black bear (D:4)
  A kobold brigand (D:4)
  A scorpion (D:4)
  Dowan (D:4)
  A water moccasin skeleton (D:4)
  Natasha (twice) (D:3)
  An orc wizard (D:4)
  7 adders
  An ufetubus (D:4)
  3 dart slugs
  2 orcs (D:4)
  4 endoplasms
  3 giant cockroaches (D:1)
  2 goblins
  8 hobgoblins
  10 kobolds
  A quokka (D:2)
  3 ball pythons (D:1)
  6 bats
  A quokka skeleton (D:4)
60 creatures vanquished.

Vanquished Creatures (others)
  A kobold (D:4)
1 creature vanquished.

Grand Total: 61 creatures vanquished

Notes
Turn   | Place    | Note
-------+----------+-------------------------------------------
     0 | D:1      | PhantomBowie the Ogre Berserker began the quest for the
                  | Orb.
     0 | D:1      | Reached XP level 1. HP: 24/24 MP: 1/1
   207 | D:1      | Reached XP level 2. HP: 25/32 MP: 2/2
   853 | D:2      | Reached XP level 3. HP: 17/40 MP: 3/3
  2224 | D:3      | Reached XP level 4. HP: 48/49 MP: 4/4
  2300 | D:3      | Noticed Natasha
  2318 | D:3      | Killed Natasha
  2319 | D:3      | Reached skill level 5 in Fighting
  2502 | D:3      | Found a faded altar of an unknown god.
  3047 | D:3      | Identified the +1 whip of Isecopod {vorpal, Int+3}
  3134 | D:3      | Noticed Natasha
  3146 | D:3      | Killed Natasha
  3147 | D:3      | Reached XP level 5. HP: 41/57 MP: 5/5
  3713 | D:4      | Reached skill level 6 in Fighting
  3713 | D:4      | Reached XP level 6. HP: 42/67 MP: 6/6
  4014 | D:4      | Reached ** piety under Trog
  4124 | D:4      | Noticed Duvessa
  4139 | D:4      | Killed Duvessa
  4411 | D:4      | Noticed Dowan
  4433 | D:4      | Killed Dowan
  4434 | D:4      | Reached skill level 5 in Axes
  4608 | D:4      | Reached XP level 7. HP: 49/76 MP: 7/7
  4861 | D:4      | HP: 5/114 [poisoned by an orc wizard]
  4862 | D:4      | Reached skill level 7 in Fighting
  4864 | D:4      | HP: 2/78 [poisoned by an orc wizard]
  5303 | D:4      | Found a shimmering blue altar of Sif Muna.
  5498 | D:5      | Entered Level 5 of the Dungeon
  5517 | D:5      | HP: 3/78 [poisoned by a scorpion]
  5517 | D:5      | Slain by a scorpion

Illustrated notes

Levels and vault maps discovered:
D:1:      giann_horns, layout_basic, minmay_pentomino_w2
D:2:      layout_basic
D:3:      layout_basic, serial_rivers, chequers_serial_rivers_marsh,
          chequers_serial_rivers_micro_a, chequers_serial_rivers_large_a,
          chequers_serial_rivers_micro_d, chequers_serial_rivers_micro_c,
          chequers_serial_rivers_micro_d, dreamdust_ecumenical_altar_statues,
          uniq_natasha
D:4:      cheibrodos_thug_alley, layout_loops_ring,
          nicolae_sif_muna_little_library, serial_park_tiny_2, uniq_duvessa
D:5:      layout_gridville, uniq_eustachio, uniq_edmund, uniq_blork_the_orc

Skill      XL: |  1  2  3  4  5  6  7 |
---------------+----------------------+-----
Dodging        | 3 4 |  4.9
Fighting       | 5 6 7 |  7.1
Axes           | 4 5 |  5.4

Action                   |  1- 3 |  4- 6 |  7- 9 || total
-------------------------+-------+-------+-------++-------
Melee: Hand axe          |    78 |    85 |    52 ||   215
       Punch             |     2 |     1 |       ||     3
       Great mace        |    25 |    37 |       ||    62
       Whip              |       |     9 |       ||     9
Throw: Dart              |       |     5 |       ||     5
Invok: Berserk           |       |     2 |     1 ||     3
  Use: Potion            |       |       |     1 ||     1
Armor: Animal skin       |    41 |    29 |     9 ||    79
Dodge: Dodged            |    66 |    56 |    19 ||   141
